 Dungeon Crawl Stone Soup version 0.16-a0-1167-g3157814 (webtiles) character file.

21160 Kashira the Cleaver (level 12, -3/63 HPs)
             Began as a Vine Stalker Berserker on Oct 9, 2014.
             Was a High Priest of Trog.
             Killed from afar by a raiju (15 damage)
             ... with a living lightning
             ... on level 1 of the Abyss.
             The game lasted 01:09:17 (9629 turns).

Kashira the Cleaver (Vine Stalker Berserker)        Turns: 9629, Time: 01:09:17

Health: -3/63      AC: 13    Str: 25      XL:     12   Next: 87%
Magic:  0/26       EV: 12    Int:  7      God:    Trog [*****.]
Gold:   561        SH:  0    Dex: 10 (12) Spells: 0 memorised, 11 levels left

rFire  . . .     SeeInvis .     I - +7 battleaxe (freeze)
rCold  + . .     Clarity  .     O - +1 leather armour {rC+}
rNeg   + . .     SustAb   .     (no shield)
rPois  .         Gourm    .     k - +2 hat of the Bear Spirit {Spirit, +Rage rN+ MR++}
rElec  .         Spirit   +     (no cloak)
rCorr  .         Warding  .     q - +1 pair of gloves
rMut   .         Rnd*Tele +     (no boots)
MR     ++++.                    u - amulet of regeneration
Stlth  +.........               J - +2 ring of dexterity
                                y - -2 ring of evasion

@: exhausted, incredibly resistant to hostile enchantments, very unstealthy
A: fangs 3, horns 1, iridescent scales 1, clumsy 2, magic resistance 1,
regeneration 3, teleportitis 1, magic shield, antimagic bite, no device heal 3,
rot immunity, forlorn
a: Burn Spellbooks, Berserk, Trog's Hand, Brothers in Arms, Renounce Religion,
Evoke Berserk Rage


You were on level 1 of the Abyss.
You worshipped Trog.
Trog was extremely pleased with you.
You were very hungry.

You visited 2 branches of the dungeon, and saw 13 of its levels.
You visited the Abyss 1 time.
You also visited: Sewer and Bailey.

You collected 1865 gold pieces.
You spent 1304 gold pieces at shops.

Inventory:

Hand weapons
 v - a +2 war axe of flaming
 I - a +7 battleaxe of freezing (weapon)
 K - a +3 antimagic glaive
 L - the +6 broad axe of Division {chop, +Inv rPois}
   (Trog gifted it to you on level 2 of the Orcish Mines)

   It inflicts extra damage upon your enemies.
   It protects you from poison.
   It lets you turn invisible.
 M - a +6 hunting sling of flaming
 Q - a +2 hand axe of distortion
Armour
 k - the +2 hat of the Bear Spirit (worn) {Spirit, +Rage rN+ MR++}
   (You bought it in a shop on level 4 of the Orcish Mines)

   It protects you from negative energy.
   It affects your resistance to hostile enchantments.
   It lets you go berserk.
 l - a +0 ring mail
 q - a +1 pair of gloves (worn)
 O - a +1 leather armour of cold resistance (worn)
 T - a +2 scale mail of magic resistance
Magical devices
 e - a wand of lightning (5)
 p - a wand of magic darts (38)
 C - a wand of draining (7)
 E - a wand of frost (11)
 G - a wand of slowing (13)
Comestibles
 c - 3 bread rations
 m - 2 meat rations
 n - a royal jelly
 o - 2 fruits
 r - 2 beef jerkies
Scrolls
 f - 2 scrolls of enchant weapon
 i - 2 scrolls of teleportation
 B - a scroll of random uselessness
 U - 2 scrolls of identify
Jewellery
 t - an uncursed amulet of warding
 u - an amulet of regeneration (around neck)
 y - a -2 ring of evasion (left hand)
 J - a +2 ring of dexterity (right hand)
Potions
 a - a potion of confusion
 b - a potion of degeneration
 d - a potion of poison
 g - 12 potions of curing
 h - 3 potions of might
 j - 5 potions of resistance
 s - a potion of restore abilities {unknown}
 w - 2 potions of brilliance
 x - a potion of flight {unknown}
 z - 9 potions of heal wounds
 D - 4 potions of berserk rage {unknown}
 H - 5 potions of magic {unknown}
 N - 2 potions of beneficial mutation {unknown}
 R - 2 potions of haste {unknown}
 S - a potion of agility {unknown}
Books
 A - a book of Power

   Spells                             Type                      Level
   Fulminant Prism                    Conjuration/Hexes            4
   Iskenderun's Mystic Blast          Conjuration                  4
   Venom Bolt                         Conjuration/Poison           5
   Bolt of Magma                      Conjuration/Fire/Earth       5
   Iron Shot                          Conjuration/Earth            6
   Orb of Destruction                 Conjuration                  7
   Trog disapproves of the use of such an item.
 F - a book of Geomancy

   Spells                             Type                      Level
   Sandblast                          Earth                        1
   Stoneskin                          Transmutation/Earth          2
   Passwall                           Transmutation/Earth          3
   Stone Arrow                        Conjuration/Earth            3
   Petrify                            Transmutation/Earth          4
   Lee's Rapid Deconstruction         Earth                        5
   Trog disapproves of the use of such an item.


   Skills:
 - Level 7.0 Fighting
 - Level 10.9(11.7) Axes
 - Level 7.0(9.9) Polearms
 - Level 6.0 Armour
 - Level 7.0 Dodging
 + Level 9.6 Evocations


You had 11 spell levels left.
You didn't know any spells.

Dungeon Overview and Level Annotations

Branches:
Dungeon (9/15)             Temple (0/1) D:5             Orc (4/4) D:9
    Elf (0/3) Orc:3
   Lair: D:8-11

Altars:
Dithmenos
Gozag
Nemelex Xobeh
Qazlal
Vehumet
Yredelemnul
Zin

Shops:
D:4 *   Orc:4 %!:([

Annotations:
D:5 Prince Ribbit


Innate Abilities, Weirdness & Mutations

You have razor-sharp teeth.
You regenerate.
When hurt, damage is shared between your health and your magic reserves.
Your bite disrupts and absorbs the magic of your enemies.
Potions and wands cannot restore your health.
You are immune to rotting.
You have a pair of small horns on your head.
You are partially covered in iridescent scales (AC +4).
You are very clumsy. (Dex -4)
You are resistant to hostile enchantments.
Space occasionally distorts in your vicinity.
You have difficulty communicating with the divine.


Message History

Use which ability? (? or * to list)
Your troll goes berserk!
You feel somewhat more hungry.
You feel yourself speed up.
The raiju bursts into living lightning!
The living lightning hits you!
* * * LOW HITPOINT WARNING * * *
The raiju blinks!
The raiju bursts into living lightning!
The living lightning hits your troll. The living lightning misses you.
The living lightning hits you!
* * * LOW HITPOINT WARNING * * *
The living lightning hits your troll.
The raiju blinks!
The raiju blinks!
The raiju blinks!
The raiju bursts into living lightning!
The living lightning misses you.
The raiju blinks!
Unknown command.
The raiju bursts into living lightning!
The living lightning hits you!
You die...

.. .###...# #.
.....#.... .... .....
........ .... . ..
#..... ... ......#
#...###.. # ##...
..#....##...
..##.#......#h...##.#
.....# ..#.##ยง.# .
...####. #.@T#. # .
... ####.# #.#
##..... .# #.
#..#.##..#..
.#..##.##.##..##.
#hhh... ## # #... ##
. .h#. #... . . . .
.. ..#.# . .. .#... .


You could see a raiju and a friendly troll (berserk).

Vanquished Creatures
  Erica (Orc:2)
  A great orb of eyes (Abyss:1)
  2 orc high priests (Orc:4)
  A wretched star (Abyss:1)
  4 large abominations (Abyss:1)
  3 orc knights (Orc:4)
  An orc sorcerer (Orc:4)
  A cyclops (Orc:4)
  An orange demon (Orc:4)
  Joseph (D:7)
  A sixfirhy (Abyss:1)
  An ancient zyme (Abyss:1)
  A two-headed ogre (Orc:4)
  A troll (D:9)
  A hellwing (Orc:4)
  A raiju (Abyss:1)
  A blue devil (Orc:4)
  A ynoxinul (Abyss:1)
  4 small abominations (Abyss:1)
  6 wargs
  3 neqoxecs (Abyss:1)
  A phantom (D:6)
  3 ice beasts
  A water moccasin (D:9)
  5 sky beasts
  21 orc warriors
  9 ogres
  2 centaurs
  A necrophage (D:6)
  Sigmund (D:6)
  Duvessa (D:7)
  7 big kobolds
  A giant frog (D:9)
  A wyvern zombie (D:9)
  A cyclops zombie (D:9)
  A wyvern skeleton (D:7)
  A scorpion (D:8)
  10 wights
  Dowan (D:7)
  3 goliath beetles
  5 hounds
  2 jellies (D:9)
  5 crimson imps
  An electric eel (Orc:2)
  A quasit (Abyss:1)
  A giant frog zombie (D:5)
  An iron imp (Abyss:1)
  27 orc priests
  4 worker ants
  4 iguanas
  Natasha (D:5)
  25 orc wizards
  Ijyb (D:6)
  A hound skeleton (D:7)
  17 gnolls
  13 adders
  3 green rats
  3 shadow imps
  5 giant mites
  4 worms
  An ufetubus (Abyss:1)
  An adder skeleton (D:6)
  5 giant geckos
  4 oozes (Sewer)
  153 orcs
  9 giant cockroaches
  25 goblins
  24 hobgoblins
  36 kobolds
  A quokka (D:2)
  4 ball pythons
  15 bats
  3 giant newts
  A giant spore (D:6)
  A hobgoblin skeleton (D:4)
  A hobgoblin zombie (D:6)
  A jackal zombie (D:6)
  A kobold zombie (D:8)
  4 orc skeletons
  13 rats
  A rat skeleton (D:8)
  7 ballistomycetes
543 creatures vanquished.

Vanquished Creatures (collateral kills)
  Harold (Orc:3)
  3 orc high priests (Orc:4)
  5 orc knights (Orc:4)
  An orc sorcerer (Orc:3)
  4 orc warriors (Orc:4)
  3 orc priests (Orc:4)
  An orc wizard (Orc:3)
  An orc (Orc:3)
19 creatures vanquished.

Vanquished Creatures (others)
  2 trolls (Orc:4)
  An ogre (Orc:4)
  3 orcs
  A giant spore (D:7)
7 creatures vanquished.

Grand Total: 569 creatures vanquished

Notes
Turn   | Place    | Note
--------------------------------------------------------------
     0 | D:1      | Kashira, the Vine Stalker Berserker, began the quest for the Orb.
     0 | D:1      | Reached XP level 1. HP: 11/11 MP: 1/1
   193 | D:1      | Reached XP level 2. HP: 14/16 MP: 3/3
   200 | D:1      | Reached skill level 3 in Axes
   419 | D:1      | Acquired Trog's second power
   541 | D:1      | Reached XP level 3. HP: 19/19 MP: 4/4
  1192 | D:2      | Reached XP level 4. HP: 22/24 MP: 5/5
  1193 | D:2      | Found a basalt altar of Yredelemnul.
  2005 | D:3      | Found an opulent altar of Gozag.
  2196 | D:3      | Reached XP level 5. HP: 28/28 MP: 7/7
  2496 | D:4      | Reached skill level 4 in Axes
  2584 | D:4      | Gained mutation: You heal very quickly. [vine stalker growth]
  2584 | D:4      | Reached XP level 6. HP: 29/32 MP: 8/8
  2598 | D:4      | Found an opulent altar of Gozag.
  2713 | D:4      | Found Allajin's Assorted Antiques.
  2938 | D:4      | Acquired Trog's third power
  3043 | D:5      | Entered Level 5 of the Dungeon
  3172 | D:5      | Noticed Prince Ribbit
  3196 | D:5      | Gained mutation: You are clumsy. (Dex -2) [potion of mutation]
  3196 | D:5      | Gained mutation: You have a pair of small horns on your head. [potion of mutation]
  3196 | D:5      | Gained mutation: You are frail (-10% HP). [potion of mutation]
  3197 | D:5      | Gained mutation: You are very clumsy. (Dex -4) [potion of mutation]
  3197 | D:5      | Lost mutation: You are frail (-10% HP). [potion of mutation]
  3197 | D:5      | Gained mutation: Your vision is a little blurry. [potion of mutation]
  3270 | D:5      | Noticed Natasha
  3279 | D:5      | Killed Natasha
  3279 | D:5      | Reached XP level 7. HP: 8/37 MP: 1/9
  3319 | D:5      | Found a staircase to the Ecumenical Temple.
  3413 | D:6      | Found a glowing silver altar of Zin.
  3501 | D:6      | Reached skill level 5 in Axes
  3533 | D:6      | Found a staircase to the Ecumenical Temple.
  3538 | D:6      | Noticed Ijyb
  3553 | D:6      | Killed Ijyb
  3605 | D:6      | Found a shadowy altar of Dithmenos.
  3858 | D:6      | Found a glowing drain.
  3887 | Sewer    | Entered a sewer
  4011 | Sewer    | Gained mutation: You have razor-sharp teeth. [vine stalker growth]
  4011 | Sewer    | Reached XP level 8. HP: 40/42 MP: 9/11
  4534 | D:6      | Reached skill level 6 in Axes
  4595 | D:6      | Reached skill level 5 in Dodging
  4632 | D:6      | Noticed Sigmund
  4669 | D:6      | Killed Sigmund
  4669 | D:6      | Reached skill level 5 in Fighting
  4669 | D:6      | Reached XP level 9. HP: 47/47 MP: 9/12
  5036 | D:7      | Reached skill level 7 in Axes
  5060 | D:7      | Found a sparkling altar of Nemelex Xobeh.
  5060 | D:7      | Found a radiant altar of Vehumet.
  5217 | D:7      | Gained mutation: You are partially covered in iridescent scales (AC +4). [mutagenic meat]
  5218 | D:7      | Gained mutation: Space occasionally distorts in your vicinity. [mutagenic meat]
  5255 | D:7      | Noticed Joseph
  5264 | D:7      | Reached skill level 5 in Armour
  5271 | D:7      | Killed Joseph
  5366 | D:7      | Noticed Duvessa
  5366 | D:7      | Noticed Dowan
  5375 | D:7      | Killed Duvessa
  5380 | D:7      | Killed Dowan
  5434 | D:8      | Reached skill level 8 in Axes
  5436 | D:8      | Reached XP level 10. HP: 53/53 MP: 11/13
  5666 | D:8      | Found a stormy altar of Qazlal.
  5728 | D:8      | Received a gift from Trog
  5914 | D:9      | Found a staircase to the Orcish Mines.
  6025 | D:9      | Reached skill level 9 in Axes
  6480 | Orc:1    | Entered Level 1 of the Orcish Mines
  6684 | Orc:2    | Received a gift from Trog
  6687 | Orc:2    | Got a brightly glowing broad axe {god gift}
  6688 | Orc:2    | Identified the +6 broad axe of Division {chop, +Inv rPois} (Trog gifted it to you on level 2 of the Orcish Mines)
  6690 | Orc:2    | Identified a scroll of acquirement
  6694 | Orc:2    | Noticed Erica
  6705 | Orc:2    | Killed Erica
  6705 | Orc:2    | Reached skill level 10 in Axes
  6778 | Orc:2    | Reached XP level 11. HP: 27/58 MP: 13/15
  7025 | Orc:2    | Found a flagged portal.
  7039 | Bailey   | Entered a bailey
  7111 | Bailey   | Received a gift from Trog
  7495 | Orc:3    | Received a gift from Trog
  7520 | Orc:3    | Found a staircase to the Elven Halls.
  7533 | Orc:3    | Noticed Harold
  7545 | Orc:3    | Killed Harold
  7663 | Orc:3    | Reached skill level 1 in Evocations
  7861 | Orc:4    | Entered Level 4 of the Orcish Mines
  7861 | Orc:4    | Found Usaomoas' Food Shoppe.
  7947 | Orc:4    | Received a gift from Trog
  8373 | Orc:4    | Reached skill level 5 in Evocations
  8509 | Orc:4    | Received a gift from Trog
  8537 | Orc:4    | Noticed an orc high priest
  8576 | Orc:4    | Killed an orc high priest
  8576 | Orc:4    | Reached skill level 1 in Polearms
  8582 | Orc:4    | Noticed an orc knight
  8609 | Orc:4    | Killed an orc knight
  8726 | Orc:4    | Noticed an orc knight
  8732 | Orc:4    | Killed an orc knight
  8734 | Orc:4    | Gained mutation: You regenerate. [vine stalker growth]
  8734 | Orc:4    | Reached XP level 12. HP: 36/63 MP: 16/24
  8737 | Orc:4    | Noticed an orc knight
  8753 | Orc:4    | Killed an orc knight
  8859 | Orc:4    | Noticed an orc knight
  8859 | Orc:4    | Noticed an orc knight
  8868 | Orc:4    | Killed an orc knight
  8870 | Orc:4    | Killed an orc knight
  8883 | Orc:4    | Noticed an orc high priest
  8886 | Orc:4    | Noticed an orc knight
  8888 | Orc:4    | Noticed an orc high priest
  8888 | Orc:4    | Killed an orc high priest
  8954 | Orc:4    | Killed an orc high priest
  9001 | Orc:4    | Killed an orc knight
  9037 | Orc:4    | Noticed an orc knight
  9074 | Orc:4    | Killed an orc knight
  9074 | Orc:4    | Reached skill level 5 in Polearms
  9102 | Orc:4    | Noticed an orc knight
  9118 | Orc:4    | Killed an orc knight
  9144 | Orc:4    | Noticed an orc high priest
  9144 | Orc:4    | Noticed an orc high priest
  9157 | Orc:4    | Killed an orc high priest
  9158 | Orc:4    | Killed an orc high priest
  9175 | Orc:4    | Found Waadoats' Armour Emporium.
  9175 | Orc:4    | Found Aklism's Distillery.
  9175 | Orc:4    | Found Cheskan's Antique Weapon Shoppe.
  9175 | Orc:4    | Found Cligg's Book Emporium.
  9187 | Orc:4    | Bought a potion of brilliance for 37 gold pieces
  9187 | Orc:4    | Bought a potion of confusion for 15 gold pieces
  9187 | Orc:4    | Bought a potion of heal wounds for 45 gold pieces
  9187 | Orc:4    | Bought 2 potions of resistance for 210 gold pieces
  9187 | Orc:4    | Bought a potion of degeneration for 30 gold pieces
  9187 | Orc:4    | Bought a potion of mutation for 37 gold pieces
  9187 | Orc:4    | Bought a potion of curing for 30 gold pieces
  9188 | Orc:4    | Lost mutation: Your vision is a little blurry. [potion of mutation]
  9188 | Orc:4    | Gained mutation: You are resistant to hostile enchantments. [potion of mutation]
  9194 | Orc:4    | Bought the +2 hat of the Bear Spirit {Spirit, +Rage rN+ MR++} for 445 gold pieces
  9204 | Orc:4    | Bought a book of Geomancy for 455 gold pieces
  9243 | Orc:4    | Cast into the Abyss (a distortion unwield)
  9243 | Abyss:1  | Found a corrupted altar of Lugonu.
  9330 | Abyss:1  | Noticed a great orb of eyes
  9359 | Abyss:1  | Killed a great orb of eyes
  9491 | Abyss:1  | Gained mutation: You have difficulty communicating with the divine. [a neqoxec]
  9629 | Abyss:1  | Killed from afar by a raiju

Action                   |  1- 3 |  4- 6 |  7- 9 | 10-12 || total
-------------------------+-------+-------+-------+-------++-------
Melee: Hand axe          |   103 |   198 |   360 |       ||   661
       War axe           |       |       |   136 |    36 ||   172
       Battleaxe         |       |       |       |   167 ||   167
       Broad axe         |       |       |       |   380 ||   380
Invok: Berserk           |     1 |     5 |     5 |    11 ||    22
       Trog's Hand       |       |     1 |     2 |     4 ||     7
       Brothers in Arms  |       |     1 |       |     8 ||     9
  Use: Scroll            |       |     2 |     8 |     9 ||    19
       Potion            |       |     2 |       |     1 ||     3
  Eat: Chunk             |     1 |     9 |    14 |    29 ||    53
       Fruit             |       |     1 |       |     1 ||     2
       Meat ration       |       |     1 |       |       ||     1
       Beef jerky        |       |       |     1 |     1 ||     2
